 Dungeon Crawl Stone Soup version 0.17.0-28-g6e173f8 (webtiles) character file.

53 dohliylev the Sneak (level 3, -2/24 HPs)
             Began as a Vampire Venom Mage on Nov 25, 2015.
             Was an Initiate of Nemelex Xobeh.
             Slain by a sky beast (5 damage)
             ... on level 3 of the Dungeon.
             The game lasted 00:13:16 (1662 turns).

dohliylev the Sneak (Vampire Venom Mage)            Turns: 1662, Time: 00:13:16

Health: -2/24      AC:  6    Str:  7    XL:     3   Next: 64%
Magic:  0/6        EV: 12    Int: 18    God:    Nemelex Xobeh [......]
Gold:   131        SH:  0    Dex: 14    Spells: 2 memorised, 2 levels left

rFire  + . .     SeeInvis +     e - +2 dagger (venom)
rCold  . . .     Clarity  .     a - +0 robe
rNeg   + + .     SustAt   .     (no shield)
rPois  +         Gourm    .     (no helmet)
rElec  .         Spirit   .     k - +1 cloak
rCorr  .         Warding  .     (no gloves)
rMut   .         Stasis   .     o - +1 pair of boots
MR     .....                    (no amulet)
Stlth  +++.......               (no ring)
                                n - ring of fire

@: very slightly contaminated, regenerating slowly, not resistant to hostile
enchantments, fairly stealthy
A: fangs 3, see invisible, unbreathing
a: Bat Form, Renounce Religion


You were on level 3 of the Dungeon.
You worshipped Nemelex Xobeh.
Nemelex Xobeh was noncommittal.
You were very thirsty.

You visited 1 branch of the dungeon, and saw 3 of its levels.

You collected 131 gold pieces.

Inventory:

Hand Weapons
 e - a +2 dagger of venom (weapon)
Armour
 a - a +0 robe (worn)
 k - a +1 cloak (worn)
 o - a +1 pair of boots (worn)
Jewellery
 n - a ring of fire (left hand)
Scrolls
 d - 6 scrolls of identify {unknown}
 f - a scroll of remove curse {unknown}
 h - 2 scrolls of enchant armour {unknown}
 j - a scroll of teleportation {unknown}
 l - a scroll of amnesia {unknown}
 p - a scroll of fog {unknown}
Potions
 c - 9 potions of blood
 g - 2 potions of curing {unknown}
 i - a potion of degeneration {unknown}
 m - a potion of agility {unknown}
Books
 b - a Young Poisoner's Handbook

   Spells                             Type                      Level
   a - Sting                          Conjuration/Poison           1
   b - Cure Poison                    Poison                       2
   c - Mephitic Cloud                 Conjuration/Poison/Air       3
   d - Olgreb's Toxic Radiance        Poison                       4
   e - Venom Bolt                     Conjuration/Poison           5


   Skills:
 + Level 2.2 Dodging
 * Level 4.9 Stealth
 + Level 2.2 Spellcasting
 + Level 0.2 Conjurations
 + Level 4.0 Poison Magic


You had 2 spell levels left.
You knew the following spells:

 Your Spells              Type           Power        Failure   Level  Hunger
a - Sting                 Conj/Pois      #...         10%         1    #......
b - Mephitic Cloud        Conj/Pois/Air  #.......     34%         3    ###....


Dungeon Overview and Level Annotations

Branches:
Dungeon (3/15)

Altars:
Elyvilon
Nemelex Xobeh
Qazlal
Yredelemnul


Innate Abilities, Weirdness & Mutations

You heal slowly.
You have razor-sharp teeth.
You have supernaturally acute eyesight.
You can survive without breathing.


Message History

Aiming: Sting
Press: ? - help, Shift-Dir - straight line, f/p - sky beast
Aim: a sky beast (heavily wounded, poisoned)
You miscast Sting.
You are very lightly contaminated with residual magic.
Nothing appears to happen.
The sky beast looks more healthy.
The sky beast hits you. The sky beast shocks you.
* * * LOW HITPOINT WARNING * * *
The sky beast flickers out of sight for a moment.
You see here a scroll labeled MALAUPNIUJY.
Casting: Sting
Confirm with . or Enter, or press ? or * to list all spells.
Aiming: Sting
Press: ? - help, Shift-Dir - straight line, f/p - sky beast
Aim: a sky beast (severely wounded)
You miscast Sting.
Nothing appears to happen.
The sky beast hits you.
* * * LOW HITPOINT WARNING * * *
The sky beast shocks you.
You die...
Your body disappears without a glow.

## #........#.#.### .#
#.#####.....#..# .# ######## #.
#....###.## .## #.. ..# #. #.#.##
##.. ..## #.# #.# #. #....###.##
...####.####.## #. ##..##.#...#
.#............# #. ....##..#...
.w...##.####..##### ####.....⌠.⌠.
####.##.####.?§Y@.# ###...._..
###.###.....####.## #...⌠.⌠#
##§...≈#...##......# #.....##
.#.....#...##.###..# #####...####
...._..w...##.###..###...........
##.....#...#.....................
#§....#...#.......###...........
###.###...#.%.....# #####...####
#...............# #...#


You could see a sky beast.

Vanquished Creatures
  An adder (D:3)
  2 worms
  An orc (D:3)
  8 bats
  4 giant cockroaches
  4 goblins
  4 hobgoblins
  A quokka (D:3)
  A giant newt (D:1)
  6 kobolds
  6 rats
38 creatures vanquished.

Notes
Turn   | Place    | Note
--------------------------------------------------------------
     0 | D:1      | dohliylev the Vampire Venom Mage began the quest for the Orb.
     0 | D:1      | Reached XP level 1. HP: 13/13 MP: 3/3
   343 | D:1      | Reached XP level 2. HP: 19/19 MP: 5/5
   845 | D:1      | Reached skill level 4 in Stealth
  1087 | D:2      | Found a faded altar to an unknown god.
  1097 | D:2      | Became a worshipper of Yredelemnul the Dark
  1097 | D:2      | Reached * piety under Yredelemnul
  1181 | D:2      | Reached XP level 3. HP: 24/24 MP: 1/6
  1448 | D:3      | Learned a level 3 spell: Mephitic Cloud
  1454 | D:3      | Found a white marble altar of Elyvilon.
  1551 | D:3      | Found a sparkling altar of Nemelex Xobeh.
  1558 | D:3      | Fell from the grace of Yredelemnul
  1558 | D:3      | Became a worshipper of Nemelex Xobeh the Trickster
  1584 | D:3      | Found a stormy altar of Qazlal.
  1624 | D:3      | Noticed a sky beast
  1662 | D:3      | Slain by a sky beast

Action                   || total
-------------------------++-------
Melee: Dagger            ||    44
 Cast: Sting             ||    45
       Mephitic Cloud    ||     1
 Stab: Sleeping          ||    15
